 Dungeon Crawl Stone Soup version 0.20-a0-331-g5b3579f (webtiles) character file.

277 Havercy the Poker (level 6, -1/47 HPs)
             Began as a Mummy Gladiator on Dec 21, 2016.
             Slain by an orc (4 damage)
             ... on level 3 of the Dungeon.
             The game lasted 00:02:17 (2722 turns).

Havercy the Poker (Mummy Gladiator)                 Turns: 2722, Time: 00:02:17

Health: -1/47      AC:  2    Str: 20    XL:     6   Next: 4%
Magic:  6/6        EV: 13    Int:  7    God:
Gold:   141        SH:  0    Dex: 13    Spells: 5/5 levels left

rFire  x . .     SeeInvis .     a - +0 trident
rCold  + . .     Gourm    .     (no armour)
rNeg   + + +     Faith    .     (no shield)
rPois  ∞         Spirit   .     c - +0 helmet
rElec  .         Reflect  .     (no cloak)
rCorr  .         Harm     .     k - +0 pair of gloves
MR     .....                    (no boots)
Stlth  +.........               (no amulet)
                                (no ring)
                                (no ring)

@: no status effects
A: no food or potions, fire vulnerability, cold resistance 1, negative energy
resistance 3, torment resistance, unbreathing
a: no special abilities


You were on level 3 of the Dungeon.
You were not hungry.

You visited 1 branch of the dungeon, and saw 3 of its levels.

You collected 141 gold pieces.

Inventory:

Hand Weapons
 a - a +0 trident (weapon)
Missiles
 d - 3 throwing nets (quivered)
Armour
 b - a +0 leather armour
 c - a +0 helmet (worn)
 e - a +0 ring mail
 k - a +0 pair of gloves (worn)
 l - a +0 chain mail
Scrolls
 f - 2 scrolls of teleportation
 g - a scroll of enchant weapon {unknown}
 h - a scroll of magic mapping {unknown}
 i - a scroll of identify {unknown}
 j - 3 scrolls of remove curse


   Skills:
 + Level 3.0 Fighting
 * Level 4.5 Polearms
 - Level 1.5 Throwing
 + Level 1.4 Armour
 + Level 3.0 Dodging


You had 5 spell levels left.
You didn't know any spells.

Dungeon Overview and Level Annotations

Branches:
Dungeon (3/15)

Altars:
Ru


Innate Abilities, Weirdness & Mutations

You do not eat or drink.
Your flesh is vulnerable to fire.
You are immune to poison.
Your flesh is cold resistant. (rC+)
You are immune to negative energy. (rN+++)
You are immune to unholy pain and torment.
You can survive without breathing.


Message History

The orc hits you but does no damage. The orc wizard casts a spell at you.
The puff of flame hits you! The fire burns you terribly!
* * * LOW HITPOINT WARNING * * *
The orc hits you.
* * * LOW HITPOINT WARNING * * *
You are too injured to fight recklessly!
You are too injured to fight recklessly!
You are too injured to fight recklessly!
Unknown command.
You hit the orc wizard.
You kill the orc wizard!
You have reached level 6!
Your experience leads to an increase in your attributes!
Increase (S)trength, (I)ntelligence, or (D)exterity?
You feel stronger. The orc barely misses you.
Unknown command.
You barely miss the orc. The orc hits you.
You die...

..... ...
....<## ...
.......
.......###
......(.# . ..
#. ..#)# ....
... ..#.#+#.#(#
.... ...##
......#.#(#
..... .....
#....@#......
.....
#...)o#......
..... #.......#
.....
...#.#.....### #
..........## #
......†...# #
............. #
.....).........
#
##.............#
##


You could see an orc.

Vanquished Creatures
  A worker ant (D:3)
  Ijyb (D:2)
  4 orc wizards (D:3)
  6 adders (D:2)
  A worm (D:2)
  A dart slug (D:3)
  2 leopard geckos
  4 orcs (D:3)
  A giant cockroach (D:2)
  A goblin (D:1)
  A hobgoblin (D:2)
  6 jackals
  A quokka (D:2)
  12 bats
  2 frilled lizards
  6 kobolds
  16 rats
66 creatures vanquished.

Notes
Turn   | Place    | Note
-------+----------+-------------------------------------------
     0 | D:1      | Havercy the Mummy Gladiator began the quest for the Orb.
     0 | D:1      | Reached XP level 1. HP: 16/16 MP: 1/1
   131 | D:1      | Reached XP level 2. HP: 18/22 MP: 2/2
   366 | D:1      | Reached skill level 3 in Polearms
   832 | D:2      | Reached XP level 3. HP: 18/27 MP: 3/3
  1005 | D:2      | Noticed Ijyb
  1033 | D:2      | Killed Ijyb
  1199 | D:2      | Reached XP level 4. HP: 25/34 MP: 4/4
  1712 | D:2      | Reached skill level 1 in Armour
  1816 | D:3      | Found a sacrificial altar of Ru.
  1948 | D:3      | Reached XP level 5. HP: 3/40 MP: 5/5
  2489 | D:3      | Reached skill level 4 in Polearms
  2721 | D:3      | Reached XP level 6. HP: 3/47 MP: 6/6
  2722 | D:3      | Slain by an orc

Vault maps used:
D:1:      erik_arrival_orb_chamber, hangedman_decor_growths
D:2:      wad_floor_pattern_1, uniq_iyjb
D:3:      grunt_temple_overflow_open, nicolae_ru_awakened_eye

Skill      XL: |  1  2  3  4  5 |
---------------+----------------+-----
Polearms       | 3 4 |  4.5
Armour         | 1 |  1.4
Fighting       | 3 |  3.0
Dodging        | 3 |  3.0
Throwing       | |  1.5

Action                   |  1- 3 |  4- 6 || total
-------------------------+-------+-------++-------
Melee: Trident           |   146 |   158 ||   304
  Use: Scroll            |       |     2 ||     2
 Stab: Sleeping          |     1 |       ||     1
Armor: Ring mail         |    72 |    47 ||   119
       Leather armour    |     2 |       ||     2
       Skin              |       |     1 ||     1
Dodge: Dodged            |   119 |   120 ||   239
